 Dungeon Crawl Stone Soup version 0.30-a0-782-ge64f9170bb (webtiles) character file.

Game seed: 8744405313662581804

172 theswoord the Twirler (level 5, 0/38 HPs)
             Began as a Demonspawn Gladiator on Mar 16, 2023.
             Slain by an iguana (10 damage)
             ... on level 4 of the Dungeon.
             The game lasted 00:03:31 (2478 turns).

theswoord the Twirler (Demonspawn Gladiator)        Turns: 2478, Time: 00:03:32

Health: 0/38       AC:  3    Str: 16    XL:     5   Next: 27%
Magic:  5/5        EV: 12    Int: 10    God:
Gold:   198        SH:  5    Dex: 14    Spells: 4/4 levels left

rFire   . . .      SeeInvis .    a - +0 quarterstaff
rCold   . . .      Faith    .    (shield currently unavailable)
rNeg    . . .      Spirit   .    b - +0 leather armour
rPois   +          Reflect  +    c - +1 helmet
rElec   .          Harm     .    (no cloak)
rCorr   .          Rampage  .    f - +0 pair of gloves
Will    .....                    q - +0 pair of boots
Stlth   +                        s - amulet of reflection
HPRegen 0.26/turn                l - ring of poison resistance
MPRegen 0.09/turn                (no ring)

@: corroded
A: hooves 2, demonic guardian 1
a: no special abilities


You were on level 4 of the Dungeon.
You visited 1 branch of the dungeon, and saw 4 of its levels.

You collected 198 gold pieces.

Inventory:

Hand Weapons
 a - a +0 quarterstaff (weapon)
Missiles
 d - 3 throwing nets (quivered)
 e - a javelin
Armour
 b - a +0 leather armour (worn)
 c - a +1 helmet (worn)
 f - a +0 pair of gloves (worn)
 q - a +0 pair of boots (worn)
Jewellery
 l - a ring of poison resistance (left hand)
 s - an amulet of reflection (around neck)
Wands
 t - a wand of charming (3)
Scrolls
 j - 3 scrolls of butterflies
 m - 3 scrolls of teleportation
 o - a scroll of immolation
 r - a scroll of blinking
Potions
 g - 2 potions of invisibility
 h - a potion of berserk rage {unknown}
 i - a potion of might
 k - 5 potions of curing
 n - a potion of heal wounds {unknown}
 p - a potion of magic {unknown}


   Skills:
 - Level 2.0 Fighting
 + Level 5.5 Staves
 - Level 1.7 Throwing
 - Level 2.6 Dodging


You had 4 spell levels left.
You didn't know any spells.
Your spell library was empty.

Dungeon Overview and Level Annotations

Branches:
Dungeon (4/15)
 Temple: D:4-7

Altars:
Gozag
Trog
Xom

Annotations:
D:3 3 runed translucent doors, Aldia's ghost, amateur DECj


Innate Abilities, Weirdness & Mutations

You have hoof-like feet.
A weak demonic guardian rushes to your aid.


Message History

You miss the jackal. You block the jackal's attack.
You hit the jackal.
The jackal bites you but does no damage.
The jackal misses you.
You hit the jackal.
You kill the jackal!
The jackal bites you but does no damage.
You hit the jackal. You block the jackal's attack.
You closely miss the jackal. You block the jackal's attack.
You closely miss the jackal. You block the jackal's attack.
The jackal closely misses you.
A jackal is nearby!
A jackal is nearby!
You hit the jackal.
You kill the jackal!
No target in view!
No target in view!
No target in view!
You see here a jackal corpse.
A jelly comes into view.
The jelly quivers.
Found a ring mail.
The jelly hits you but does no damage.
You sock the jelly! The acid corrodes you!
Your hands burn!
You block the jelly's attack.
You sock the jelly!
You kill the jelly!
No target in view!
No target in view!
An iguana comes into view.
An iguana is nearby!
An iguana is nearby!
You hit the iguana but do no damage. The iguana bites you.
You hit the iguana but do no damage. The iguana barely misses you.
You hit the iguana but do no damage. The iguana bites you!
* * * LOW HITPOINT WARNING * * *
You hit the iguana. You block the iguana's attack.
You hit the iguana but do no damage. The iguana bites you!
* * * LOW HITPOINT WARNING * * *
You hit the iguana but do no damage. The iguana bites you!
You die...

#.....## #†#....
...
#..###.###.#...#
...# #..
##..##.##.#.
#...###..
#......'.#.#
#.......
##.#...)#....
#......
#..##...#...#
.....[.
##.####..#8...
......l####..#
#...###+
#@....## #.....
##.....# #.##..
##.#..# #. #.
#.....# .
#...### ...##
.... ######


You could see an iguana.

Vanquished Creatures
  A jelly (D:4)
  Robin (D:2)
  A gnoll (D:1)
  2 adders
  3 worms
  A dart slug (D:1)
  4 orcs (D:3)
  4 bats
  3 endoplasms
  3 giant cockroaches
  17 goblins
  10 hobgoblins
  7 jackals
  A quokka (D:2)
  7 ball pythons
  3 frilled lizards
  9 kobolds
  3 rats
80 creatures vanquished.

Vanquished Creatures (others)
  An adder (D:3)
  A worm (D:3)
  2 orcs (D:3)
  An endoplasm (D:3)
  A jackal (D:3)
  2 kobolds (D:3)
  A rat (D:3)
  2 fungi (D:3)
  A plant (D:3)
12 creatures vanquished.

Grand Total: 92 creatures vanquished

Notes
Turn   | Place    | Note
-------+----------+-------------------------------------------
     0 | D:1      | theswoord the Demonspawn Gladiator began the quest for the
                  | Orb.
     0 | D:1      | Reached XP level 1. HP: 16/16 MP: 1/1
    48 | D:1      | Reached skill level 3 in Staves
   150 | D:1      | Gained mutation: You have large cloven feet. [demonic
                  | ancestry]
   150 | D:1      | Reached XP level 2. HP: 21/22 MP: 2/2
   236 | D:1      | Gained mutation: A weak demonic guardian rushes to your
                  | aid. [demonic ancestry]
   236 | D:1      | Reached XP level 3. HP: 19/27 MP: 3/3
   405 | D:1      | Reached skill level 4 in Staves
   788 | D:2      | Noticed Robin
   888 | D:2      | Killed Robin
   994 | D:2      | Reached XP level 4. HP: 33/33 MP: 4/4
  1580 | D:3      | Found a faded altar of an unknown god.
  1603 | D:3      | Found a runed translucent gate.
  1603 | D:3      | Found a runed translucent gate.
  1603 | D:3      | Found a runed translucent gate.
  1605 | D:3      | Found an opulent altar of Gozag.
  1609 | D:3      | Noticed an ogre
  1609 | D:3      | Noticed Aldia's ghost (amateur DECj)
  1667 | D:3      | Reached skill level 5 in Staves
  1699 | D:3      | Found a bloodstained altar of Trog.
  1879 | D:3      | Found a shimmering altar of Xom.
  2081 | D:3      | Gained mutation: You have hoof-like feet. [demonic
                  | ancestry]
  2081 | D:3      | Reached XP level 5. HP: 38/38 MP: 5/5
  2478 | D:4      | Slain by an iguana

Skill      XL: |  1  2  3  4 |
---------------+-------------+-----
Staves         | 3 4 5 |  5.5
Fighting       | |  2.0
Throwing       | |  1.7
Dodging        | |  2.6

Action                     |  1- 3 |  4- 6 || total
---------------------------+-------+-------++-------
  Melee: Quarterstaff      |    81 |   123 ||   204
         Kick              |    13 |    15 ||    28
    Use: Scroll            |     3 |     7 ||    10
   Stab: Sleeping          |     2 |       ||     2
 Armour: Leather armour    |    31 |    37 ||    68
  Dodge: Dodged            |    60 |    80 ||   140
  Block: Other             |       |     7 ||     7

Levels and vault maps discovered:
D:1:      dpeg_arrival_radiant, layout_rooms, serial_rivers,
          chequers_serial_rivers_micro_c, chequers_serial_rivers_micro_a,
          chequers_serial_rivers_micro_a, chequers_serial_rivers_micro_e,
          chequers_serial_rivers_micro_d, chequers_serial_rivers_small_a,
          hex_medium
D:2:      layout_loops_ring, hangedman_abyss_or_decor_lesser_grid, uniq_robin
D:3:      layout_basic, xom_confusion_cloud,
          mainiacjoe_overflow_small_starburst, ebering_ghost_gozag,
          shapermc_ecumenical_altar_mp_ritualfount, minivault_5,
          minmay_misc_feat_chi
D:4:      layout_layer_cave, nicolae_ru_great_annihilating_truth, minivault_1
